AoeStats
← Doak

Oasis

507295091Analyzed
4v4 RM · 15d ago on Sep 17, 2026· 36m 12s· 8 players
Game mode
Random Map
Map size
Large (8 player)
Population
200
Speed
Normal
Resources
Standard
Victory
Conquest
Starting age
Dark Age
Ending age
Imperial Age
RankedLock teamsTeams togetherTeam positionsShared explorationLock speedFull tech treeHidden civsTurbo modeCheats
Victory
Defeat
🇫🇷 Britons · France
1444
+15
🇪🇸 Koreans · Spain
1437
+15
🇨🇳 Persians · China
1435
+15
🇹🇷 Hindustanis · Türkiye
1409
+16
🇫🇷 Mongols · France
1508
-19
🇯🇵 Mongols · Japan
1401
-15
🇬🇧 Italians · United Kingdom
1391
-14
🇻🇳 Britons · Vietnam
1368
-13
Shootocan
3:57 Loom
11:26 Feudal Age
12:05 Double-Bit Axe
16:02 Scale Barding Armor
16:35 Wheelbarrow
16:32 Horse Collar
17:25 Forging
18:59 Bloodlines
21:35 Castle Age
21:40 Light Cavalry
22:20 Husbandry
22:44 Chain Barding Armor
22:59 Iron Casting
22:39 Bow Saw
23:18 Heavy Plow
23:31 Gold Mining
26:01 Hand Cart
26:04 Fletching
30:58 Gold Shaft Mining
33:58 Town Watch
36:46 Imperial Age
35:05 Scale Mail Armor
35:09 Squires
34:54 Arson
Álvaro de Bazán
4:32 Loom
9:41 Feudal Age
11:29 Double-Bit Axe
16:37 Fletching
26:35 Castle Age
27:13 Bodkin Arrow
26:39 Crossbowman
28:10 Squires
31:58 Thumb Ring
33:00 Ballistics
34:01 Horse Collar
34:33 Bow Saw
34:14 Gold Mining
Yupy
6:37 Loom
9:29 Feudal Age
10:02 Double-Bit Axe
13:41 Fletching
15:04 Horse Collar
18:07 Padded Archer Armor
20:18 Gold Mining
21:06 Wheelbarrow
25:59 Castle Age
26:04 Crossbowman
26:40 Bodkin Arrow
27:20 Leather Archer Armor
27:17 Bow Saw
27:08 Heavy Plow
29:40 Ballistics
36:27 Imperial Age
34:55 Hand Cart
35:56 Stone Mining
543880365
6:02 Loom
8:56 Feudal Age
9:25 Double-Bit Axe
9:22 Horse Collar
13:58 Wheelbarrow
16:40 Gold Mining
20:07 Castle Age
18:24 Scale Barding Armor
18:29 Forging
19:23 Bloodlines
20:48 Husbandry
21:04 Bow Saw
20:58 Heavy Plow
23:35 Chain Barding Armor
27:12 Iron Casting
Doak
6:43 Loom
9:10 Feudal Age
9:48 Double-Bit Axe
12:20 Fletching
19:26 Padded Archer Armor
20:01 Horse Collar
27:44 Castle Age
33:50 Bow Saw
berber.sinan
10:11 Feudal Age
10:30 Feudal Age
8:45 Loom
10:30 Feudal Age
13:51 Castle Age
12:04 Horse Collar
12:11 Double-Bit Axe
15:18 Bow Saw
22:52 Scale Barding Armor
23:45 Bloodlines
25:04 Husbandry
26:55 Chain Barding Armor
26:45 Forging
26:55 Chain Barding Armor
26:45 Forging
28:02 Wheelbarrow
27:12 Town Watch
33:37 Hand Cart
34:00 Stone Mining
38:27 Imperial Age
35:55 Fletching
36:06 Padded Archer Armor
Lan
10:54 Feudal Age
12:08 Double-Bit Axe
14:43 Castle Age
13:00 Horse Collar
15:58 Bow Saw
26:43 Heavy Plow
28:22 Wheelbarrow
28:15 Scale Barding Armor
31:09 Hand Cart
32:43 Gold Mining
37:18 Imperial Age
35:18 Husbandry
35:45 Bloodlines
35:27 Fletching
36:37 Chain Barding Armor
shogun
5:42 Loom
10:01 Feudal Age
12:05 Fletching
12:16 Padded Archer Armor
13:13 Double-Bit Axe
20:11 Wheelbarrow
19:21 Horse Collar
20:39 Forging
27:27 Castle Age
27:30 Elite Skirmisher
29:12 Bodkin Arrow
29:33 Leather Archer Armor
32:54 Hand Cart
32:26 Crossbowman
Connection lost

Rejoining the realm…

Still unreachable

The connection could not be restored.

Session expired

The server has moved on; the page needs a fresh start.